[ PARTIDA AOE2 · #478569653 ]
Team RMBizantinos vs Persians
[ ANÁLISIS DE REPETICIÓN · EXTRAÍDO DE LA PARTIDA GRABADA ]
Feudal
12:09
Castillos
22:49
Imperial
30:06
| APM promedio | 25.8 |
| APM pico | 59 |
| eAPM promedio | 13.5 |
| Aldeanos / militares | 132 / 669 |
Foco
⚔️ 48.1% · 🌾 51.9%
Skirmisher ×374 · Spearman ×288 · Trade Cart ×8 · Bombard Cannon ×5 · Trebuchet (Packed) ×2
Feudal
10:01
Castillos
19:47
Imperial
39:53
| APM promedio | 47.3 |
| APM pico | 90 |
| eAPM promedio | 21.7 |
| Aldeanos / militares | 256 / 138 |
Foco
⚔️ 25.7% · 🌾 74.3%
Scout Cavalry ×81 · Monaspa ×54 · Monk ×3
Feudal
11:21
Castillos
15:19
Imperial
31:25
| APM promedio | 24.6 |
| APM pico | 65 |
| eAPM promedio | 12.9 |
| Aldeanos / militares | 121 / 360 |
Foco
⚔️ 32.1% · 🌾 67.9%
Janissary ×323 · Trebuchet (Packed) ×35 · Trade Cart ×21 · Monk ×2
Feudal
11:50
Castillos
18:53
Imperial
29:40
| APM promedio | 31.0 |
| APM pico | 78 |
| eAPM promedio | 17.6 |
| Aldeanos / militares | 97 / 0 |
Foco
⚔️ 38.5% · 🌾 61.5%
Unknown (1949) ×229 · Trade Cart ×35 · Unknown (1942) ×12
Feudal
11:34
Castillos
17:22
Imperial
31:21
| APM promedio | 19.7 |
| APM pico | 51 |
| eAPM promedio | 10.9 |
| Aldeanos / militares | 102 / 355 |
Foco
⚔️ 34.8% · 🌾 65.2%
Archer ×260 · War Elephant ×81 · Trade Cart ×26 · Monk ×8 · Bombard Cannon ×4 · Spearman ×2
Feudal
12:29
Castillos
18:14
Imperial
33:55
| APM promedio | 24.3 |
| APM pico | 75 |
| eAPM promedio | 15.6 |
| Aldeanos / militares | 105 / 307 |
Foco
⚔️ 48.5% · 🌾 51.5%
Longbowman ×179 · Spearman ×124 · Trade Cart ×21 · Trebuchet (Packed) ×4
Mapa de la partida
Recursos al inicio + cada clic de construcción. Línea gruesa = muro · recuadro discontinuo = muro de casas detectado. 🟡 oro · ⚪ piedra · 🟢 bayas · 🔶 jabalí · ⭕ reliquia
Inputs por minuto
— ゆきな - - Gemini
Build order — ゆきな
Primeras 150 de 567 acciones detectadas
| 0:04 | Construir | House |
| 0:06 | Construir | House |
| 0:09 | Crear | Villager (Male) |
| 0:10 | Crear | Villager (Male) |
| 0:10 | Crear | Villager (Male) |
| 0:10 | Crear | Villager (Male) |
| 0:10 | Crear | Villager (Male) |
| 1:25 | Investigar | Loom |
| 1:42 | Crear | Villager (Male) |
| 1:42 | Crear | Villager (Male) |
| 2:11 | Crear | Villager (Male) |
| 2:12 | Crear | Villager (Male) |
| 2:26 | Crear | Villager (Male) |
| 3:10 | Construir | House |
| 3:31 | Crear | Villager (Male) |
| 3:32 | Crear | Villager (Male) |
| 3:51 | Crear | Villager (Male) |
| 3:51 | Crear | Villager (Male) |
| 5:32 | Crear | Villager (Male) |
| 5:32 | Crear | Villager (Male) |
| 5:47 | Construir | Mill |
| 6:39 | Crear | Villager (Male) |
| 6:40 | Crear | Villager (Male) |
| 6:40 | Crear | Villager (Male) |
| 7:29 | Crear | Villager (Male) |
| 7:29 | Crear | Villager (Male) |
| 7:52 | Crear | Villager (Male) |
| 7:53 | Crear | Villager (Male) |
| 7:53 | Crear | Villager (Male) |
| 8:03 | Construir | Lumber Camp |
| 8:51 | Construir | House |
| 8:53 | Construir | House |
| 9:41 | Construir | Palisade Wall |
| 9:59 | Investigar | Feudal Age |
| 10:42 | Construir | Palisade Gate |
| 10:48 | Construir | Palisade Wall |
| 10:51 | Crear | Villager (Male) |
| 10:52 | Crear | Villager (Male) |
| 11:41 | Construir | Barracks |
| 12:09 | Edad | Edad Feudal |
| 12:12 | Crear | Villager (Male) |
| 12:12 | Crear | Villager (Male) |
| 12:16 | Investigar | Double-Bit Axe |
| 12:28 | Construir | Blacksmith |
| 12:57 | Construir | Palisade Wall |
| 13:09 | Construir | Palisade Wall |
| 13:28 | Crear | Villager (Male) |
| 13:28 | Crear | Villager (Male) |
| 14:28 | Construir | Farm |
| 14:28 | Construir | Farm |
| 14:28 | Construir | Farm |
| 14:29 | Construir | Farm |
| 15:08 | Crear | Villager (Male) |
| 15:09 | Crear | Villager (Male) |
| 15:57 | Crear | Villager (Male) |
| 15:58 | Crear | Villager (Male) |
| 16:06 | Construir | Market |
| 16:12 | Construir | House |
| 16:12 | Construir | House |
| 16:12 | Construir | House |
| 16:18 | Investigar | Wheelbarrow |
| 16:27 | Construir | Palisade Gate |
| 16:42 | Crear | Villager (Male) |
| 16:42 | Crear | Villager (Male) |
| 16:44 | Investigar | Horse Collar |
| 16:54 | Construir | Farm |
| 17:01 | Construir | Farm |
| 17:03 | Construir | Farm |
| 17:08 | Construir | Farm |
| 17:09 | Construir | Farm |
| 17:10 | Construir | Farm |
| 17:39 | Construir | Mining Camp |
| 17:55 | Construir | House |
| 18:15 | Crear | Villager (Male) |
| 18:19 | Investigar | Gold Mining |
| 18:36 | Construir | Palisade Wall |
| 18:51 | Construir | Outpost |
| 18:56 | Crear | Villager (Male) |
| 18:56 | Crear | Villager (Male) |
| 19:05 | Construir | Farm |
| 19:05 | Construir | Farm |
| 19:05 | Construir | Farm |
| 19:57 | Investigar | Castle Age |
| 19:57 | Investigar | Castle Age |
| 20:22 | Construir | Mining Camp |
| 20:40 | Investigar | Stone Mining |
| 20:52 | Construir | Stable |
| 21:17 | Construir | Palisade Gate |
| 21:52 | Investigar | Scale Barding Armor |
| 21:52 | Investigar | Forging |
| 21:59 | Construir | Archery Range |
| 22:49 | Edad | Edad de los Castillos |
| 23:05 | Crear | Villager (Male) |
| 23:05 | Crear | Villager (Male) |
| 23:05 | Crear | Villager (Male) |
| 23:22 | Construir | Outpost |
| 23:36 | Construir | Town Center |
| 24:00 | Construir | Outpost |
| 24:09 | Investigar | Husbandry |
| 24:25 | Construir | Monastery |
| 24:29 | Construir | University |
| 24:53 | Construir | Farm |
| 25:15 | Crear | Villager (Male) |
| 25:16 | Crear | Villager (Male) |
| 25:16 | Crear | Villager (Male) |
| 25:26 | Crear | Villager (Male) |
| 25:27 | Crear | Villager (Male) |
| 25:27 | Crear | Villager (Male) |
| 26:01 | Construir | Building 487 |
| 26:12 | Crear | Villager (Male) |
| 26:12 | Crear | Villager (Male) |
| 26:33 | Investigar | Imperial Age |
| 26:42 | Crear | Villager (Male) |
| 27:20 | Construir | Town Center |
| 27:46 | Construir | Stone Wall |
| 27:54 | Investigar | Treadmill Crane |
| 27:56 | Investigar | Fortified Wall (upgrade) |
| 27:59 | Crear | Villager (Male) |
| 27:59 | Crear | Villager (Male) |
| 27:59 | Crear | Villager (Male) |
| 28:29 | Crear | Villager (Male) |
| 28:29 | Crear | Villager (Male) |
| 28:29 | Crear | Villager (Male) |
| 29:31 | Construir | Mining Camp |
| 29:47 | Construir | Mining Camp |
| 30:02 | Investigar | Hand Cart |
| 30:05 | Crear | Villager (Male) |
| 30:05 | Crear | Villager (Male) |
| 30:06 | Edad | Edad Imperial |
| 30:27 | Construir | Stone Wall |
| 30:37 | Investigar | Bow Saw |
| 31:00 | Construir | Stone Wall |
| 31:10 | Construir | House |
| 31:13 | Construir | House |
| 31:13 | Construir | House |
| 31:14 | Construir | House |
| 31:22 | Crear | Villager (Male) |
| 31:22 | Crear | Villager (Male) |
| 31:22 | Crear | Villager (Male) |
| 31:55 | Investigar | Elite Skirmisher (upgrade) |
| 32:06 | Investigar | Ballistics |
| 32:18 | Construir | Archery Range |
| 32:20 | Construir | Archery Range |
| 32:23 | Construir | Archery Range |
| 32:45 | Construir | House |
| 32:46 | Construir | House |
| 32:46 | Construir | House |
| 32:46 | Construir | House |
| 32:48 | Crear | Villager (Male) |
| 32:48 | Crear | Villager (Male) |
Build order — Gemini
Primeras 150 de 427 acciones detectadas
| 0:01 | Crear | Villager (Male) ×4 |
| 0:04 | Construir | House |
| 0:07 | Construir | House |
| 1:38 | Crear | Villager (Male) |
| 2:17 | Crear | Villager (Male) |
| 2:17 | Crear | Villager (Male) |
| 2:19 | Crear | Villager (Male) |
| 2:45 | Crear | Villager (Male) |
| 2:45 | Crear | Villager (Male) |
| 3:14 | Crear | Villager (Male) |
| 3:15 | Crear | Villager (Male) |
| 3:15 | Crear | Villager (Male) |
| 3:22 | Construir | House |
| 3:59 | Crear | Villager (Male) |
| 3:59 | Crear | Villager (Male) |
| 4:48 | Crear | Villager (Male) |
| 4:48 | Crear | Villager (Male) |
| 5:21 | Crear | Villager (Male) |
| 5:21 | Crear | Villager (Male) |
| 5:39 | Crear | Villager (Male) |
| 6:20 | Construir | Mill |
| 6:38 | Construir | House |
| 6:50 | Investigar | Loom |
| 7:26 | Crear | Villager (Male) |
| 7:32 | Investigar | Feudal Age |
| 9:35 | Construir | Mule Cart |
| 9:42 | Construir | House |
| 10:01 | Edad | Edad Feudal |
| 10:08 | Crear | Villager (Male) |
| 10:08 | Crear | Villager (Male) |
| 10:13 | Investigar | Double-Bit Axe |
| 10:18 | Investigar | Horse Collar |
| 10:39 | Crear | Villager (Male) |
| 10:39 | Crear | Villager (Male) |
| 11:20 | Construir | Farm |
| 11:20 | Construir | Farm |
| 11:27 | Crear | Villager (Male) |
| 11:27 | Crear | Villager (Male) |
| 11:27 | Crear | Villager (Male) |
| 11:32 | Construir | Farm |
| 11:59 | Crear | Villager (Male) |
| 12:01 | Construir | Farm |
| 12:01 | Construir | Farm |
| 12:11 | Construir | Farm |
| 12:14 | Construir | Farm |
| 12:14 | Construir | Farm |
| 12:15 | Construir | Farm |
| 12:22 | Construir | Farm |
| 12:22 | Construir | Farm |
| 12:30 | Construir | Farm |
| 12:30 | Construir | Farm |
| 12:31 | Construir | Farm |
| 12:51 | Construir | Farm |
| 13:27 | Crear | Villager (Male) |
| 13:44 | Construir | Mule Cart |
| 14:09 | Crear | Villager (Male) |
| 14:10 | Crear | Villager (Male) |
| 14:16 | Construir | House |
| 14:23 | Construir | House |
| 14:39 | Construir | House |
| 14:45 | Crear | Villager (Male) |
| 15:08 | Construir | House |
| 15:18 | Crear | Villager (Male) |
| 15:26 | Construir | Blacksmith |
| 15:38 | Construir | Blacksmith |
| 15:58 | Construir | Market |
| 16:15 | Crear | Villager (Male) |
| 16:50 | Investigar | Stone Mining |
| 16:59 | Construir | House |
| 17:04 | Crear | Villager (Male) |
| 17:08 | Investigar | Castle Age |
| 17:08 | Investigar | Castle Age |
| 17:27 | Investigar | Gold Mining |
| 17:56 | Construir | House |
| 17:58 | Construir | House |
| 17:58 | Construir | House |
| 18:00 | Construir | House |
| 18:31 | Crear | Villager (Male) |
| 18:32 | Crear | Villager (Male) |
| 19:11 | Investigar | Fletching |
| 19:45 | Construir | House |
| 19:46 | Construir | House |
| 19:47 | Edad | Edad de los Castillos |
| 19:48 | Construir | House |
| 20:00 | Construir | Monastery |
| 20:06 | Crear | Villager (Male) |
| 20:06 | Crear | Villager (Male) |
| 20:09 | Investigar | Bow Saw |
| 20:12 | Investigar | Heavy Plow |
| 20:19 | Construir | Castle |
| 20:35 | Construir | Mule Cart |
| 20:37 | Crear | Monk |
| 20:37 | Crear | Monk |
| 21:20 | Construir | Town Center |
| 21:27 | Crear | Villager (Male) |
| 21:27 | Crear | Villager (Male) |
| 21:28 | Crear | Villager (Male) |
| 21:28 | Crear | Villager (Male) |
| 21:46 | Construir | House |
| 21:47 | Construir | House |
| 21:47 | Construir | House |
| 21:48 | Construir | House |
| 21:48 | Construir | House |
| 21:50 | Crear | Villager (Male) |
| 22:01 | Crear | Villager (Male) |
| 22:01 | Crear | Villager (Male) |
| 22:02 | Crear | Villager (Male) |
| 22:02 | Crear | Villager (Male) |
| 22:36 | Crear | Monaspa |
| 22:36 | Crear | Monaspa |
| 22:47 | Crear | Monk |
| 22:55 | Crear | Villager (Male) |
| 22:55 | Crear | Villager (Male) |
| 22:57 | Crear | Villager (Male) |
| 23:17 | Investigar | Stone Shaft Mining |
| 23:27 | Construir | House |
| 23:28 | Construir | House |
| 23:29 | Construir | House |
| 23:30 | Construir | House |
| 23:32 | Construir | House |
| 23:49 | Crear | Monaspa |
| 24:08 | Crear | Villager (Male) |
| 24:09 | Crear | Villager (Male) |
| 24:09 | Crear | Villager (Male) |
| 24:09 | Crear | Villager (Male) |
| 24:09 | Crear | Villager (Male) |
| 24:29 | Construir | Town Center |
| 24:50 | Crear | Villager (Male) |
| 24:50 | Crear | Villager (Male) |
| 25:08 | Construir | University |
| 25:15 | Investigar | Svan Towers |
| 25:28 | Crear | Villager (Male) |
| 25:29 | Crear | Villager (Male) |
| 25:29 | Crear | Villager (Male) |
| 25:29 | Crear | Villager (Male) |
| 25:42 | Investigar | Fervor |
| 25:54 | Crear | Villager (Male) |
| 25:55 | Crear | Villager (Male) |
| 26:08 | Crear | Villager (Male) |
| 26:08 | Crear | Villager (Male) |
| 26:19 | Crear | Villager (Male) |
| 26:19 | Crear | Villager (Male) |
| 26:20 | Crear | Villager (Male) |
| 26:54 | Crear | Monaspa |
| 26:56 | Crear | Monaspa |
| 26:59 | Crear | Villager (Male) |
| 26:59 | Crear | Villager (Male) |
| 27:04 | Construir | Farm |
| 27:05 | Construir | Farm |
| 27:08 | Construir | Farm |
Build order — Bonkers
Primeras 150 de 410 acciones detectadas
| 0:02 | Crear | Villager (Male) |
| 0:02 | Crear | Villager (Male) |
| 0:02 | Crear | Villager (Male) |
| 0:03 | Crear | Villager (Male) |
| 0:05 | Construir | House |
| 0:07 | Construir | House |
| 1:31 | Crear | Villager (Male) |
| 1:49 | Construir | Lumber Camp |
| 2:09 | Crear | Villager (Male) |
| 2:43 | Crear | Villager (Male) |
| 2:43 | Crear | Villager (Male) |
| 2:43 | Crear | Villager (Male) |
| 3:26 | Crear | Villager (Male) |
| 3:34 | Construir | Mill |
| 3:37 | Crear | Villager (Male) |
| 4:11 | Crear | Villager (Male) |
| 4:16 | Construir | House |
| 4:27 | Crear | Villager (Male) |
| 4:32 | Investigar | Loom |
| 4:49 | Crear | Villager (Male) |
| 5:23 | Crear | Villager (Male) |
| 5:47 | Construir | House |
| 6:56 | Crear | Villager (Male) |
| 6:57 | Crear | Villager (Male) |
| 7:12 | Construir | House |
| 7:13 | Construir | House |
| 7:42 | Construir | House |
| 7:46 | Construir | House |
| 7:47 | Construir | House |
| 7:55 | Construir | Palisade Wall |
| 8:02 | Construir | Palisade Gate |
| 8:19 | Crear | Villager (Male) |
| 8:19 | Crear | Villager (Male) |
| 8:26 | Construir | Mining Camp |
| 9:11 | Investigar | Feudal Age |
| 9:41 | Construir | Mining Camp |
| 11:21 | Edad | Edad Feudal |
| 11:35 | Construir | Market |
| 12:01 | Construir | Blacksmith |
| 12:39 | Investigar | Castle Age |
| 13:31 | Investigar | Double-Bit Axe |
| 15:02 | Investigar | Horse Collar |
| 15:19 | Edad | Edad de los Castillos |
| 15:32 | Construir | Monastery |
| 16:07 | Construir | Town Center |
| 16:09 | Crear | Villager (Male) |
| 16:09 | Crear | Villager (Male) |
| 16:17 | Construir | Town Center |
| 16:31 | Construir | Farm |
| 16:32 | Construir | Farm |
| 16:33 | Construir | Farm |
| 16:34 | Construir | Farm |
| 16:47 | Crear | Monk |
| 17:18 | Construir | Farm |
| 17:41 | Construir | Farm |
| 17:47 | Crear | Monk |
| 18:04 | Crear | Villager (Male) |
| 18:12 | Construir | Farm |
| 18:14 | Construir | Farm |
| 18:18 | Construir | Farm |
| 18:21 | Construir | Farm |
| 18:23 | Crear | Villager (Male) |
| 18:46 | Crear | Villager (Male) |
| 18:55 | Construir | Farm |
| 19:00 | Construir | Farm |
| 19:03 | Crear | Villager (Male) |
| 19:17 | Construir | Farm |
| 19:27 | Crear | Villager (Male) |
| 19:32 | Construir | Farm |
| 19:34 | Crear | Villager (Male) |
| 19:54 | Crear | Villager (Male) |
| 19:56 | Crear | Villager (Male) |
| 20:01 | Construir | Farm |
| 20:10 | Crear | Villager (Male) |
| 20:15 | Construir | Farm |
| 20:27 | Construir | Farm |
| 20:29 | Crear | Villager (Male) |
| 20:30 | Crear | Villager (Male) |
| 20:34 | Crear | Villager (Male) |
| 20:42 | Construir | Farm |
| 21:07 | Crear | Villager (Male) |
| 21:07 | Crear | Villager (Male) |
| 21:09 | Crear | Villager (Male) |
| 21:26 | Crear | Villager (Male) |
| 21:27 | Crear | Villager (Male) |
| 21:33 | Crear | Villager (Male) |
| 21:47 | Crear | Villager (Male) |
| 21:48 | Crear | Villager (Male) |
| 21:57 | Crear | Villager (Male) |
| 22:05 | Crear | Villager (Male) |
| 22:07 | Construir | Farm |
| 22:16 | Construir | Farm |
| 22:17 | Construir | Farm |
| 22:18 | Construir | Farm |
| 22:19 | Construir | Farm |
| 22:20 | Construir | Farm |
| 22:34 | Crear | Villager (Male) |
| 22:36 | Investigar | Town Watch |
| 22:38 | Crear | Villager (Male) |
| 22:45 | Crear | Villager (Male) |
| 23:03 | Crear | Villager (Male) |
| 23:03 | Crear | Villager (Male) |
| 23:14 | Construir | Farm |
| 23:16 | Construir | Farm |
| 23:17 | Construir | Farm |
| 23:21 | Construir | Farm |
| 23:22 | Construir | Farm |
| 23:23 | Construir | Farm |
| 23:28 | Crear | Villager (Male) |
| 23:29 | Crear | Villager (Male) |
| 23:30 | Crear | Villager (Male) |
| 23:31 | Crear | Villager (Male) |
| 23:56 | Crear | Villager (Male) |
| 23:58 | Investigar | Wheelbarrow |
| 24:05 | Construir | Mill |
| 24:08 | Construir | Farm |
| 24:09 | Construir | Farm |
| 24:13 | Crear | Villager (Male) |
| 24:13 | Crear | Villager (Male) |
| 24:15 | Crear | Villager (Male) |
| 24:35 | Construir | House |
| 24:36 | Construir | House |
| 24:37 | Construir | House |
| 24:38 | Construir | House |
| 24:39 | Construir | House |
| 24:40 | Construir | House |
| 24:49 | Crear | Villager (Male) |
| 24:50 | Crear | Villager (Male) |
| 24:51 | Crear | Villager (Male) |
| 24:59 | Crear | Villager (Male) |
| 25:26 | Crear | Villager (Male) |
| 25:26 | Crear | Villager (Male) |
| 25:27 | Crear | Villager (Male) |
| 25:28 | Crear | Villager (Male) |
| 25:33 | Investigar | Stone Mining |
| 25:35 | Investigar | Heavy Plow |
| 25:40 | Construir | Farm |
| 25:46 | Crear | Villager (Male) |
| 25:52 | Investigar | Bow Saw |
| 25:58 | Construir | Mining Camp |
| 26:03 | Crear | Villager (Male) |
| 26:20 | Crear | Villager (Male) |
| 26:21 | Crear | Villager (Male) |
| 26:21 | Crear | Villager (Male) |
| 26:28 | Construir | Mining Camp |
| 26:35 | Investigar | Gold Mining |
| 26:49 | Construir | House |
| 26:53 | Construir | House |
| 27:13 | Construir | University |
| 27:16 | Crear | Villager (Male) |
Build order — GGDA
Primeras 150 de 523 acciones detectadas
| 0:04 | Construir | House |
| 0:06 | Construir | House |
| 0:08 | Crear | Villager (Male) |
| 0:08 | Crear | Villager (Male) |
| 0:09 | Crear | Villager (Male) |
| 0:09 | Crear | Villager (Male) |
| 0:09 | Crear | Villager (Male) |
| 1:40 | Crear | Villager (Male) |
| 1:40 | Crear | Villager (Male) |
| 2:10 | Crear | Villager (Male) |
| 2:13 | Investigar | Loom |
| 2:47 | Crear | Villager (Male) |
| 2:48 | Crear | Villager (Male) |
| 3:15 | Crear | Villager (Male) |
| 3:15 | Crear | Villager (Male) |
| 3:16 | Crear | Villager (Male) |
| 4:03 | Crear | Villager (Male) |
| 4:23 | Construir | House |
| 5:02 | Construir | House |
| 5:07 | Crear | Villager (Male) |
| 5:07 | Crear | Villager (Male) |
| 5:55 | Crear | Villager (Male) |
| 5:55 | Crear | Villager (Male) |
| 6:28 | Construir | Lumber Camp |
| 6:38 | Crear | Villager (Male) |
| 7:08 | Crear | Villager (Male) |
| 7:08 | Crear | Villager (Male) |
| 7:44 | Construir | Mill |
| 8:06 | Crear | Villager (Male) |
| 8:50 | Crear | Villager (Male) |
| 8:51 | Crear | Villager (Male) |
| 9:19 | Investigar | Feudal Age |
| 10:04 | Construir | House |
| 10:14 | Construir | Barracks |
| 10:39 | Construir | Mining Camp |
| 10:45 | Crear | Villager (Male) |
| 10:45 | Crear | Villager (Male) |
| 11:32 | Crear | Villager (Male) |
| 11:50 | Edad | Edad Feudal |
| 11:55 | Construir | House |
| 12:08 | Construir | Blacksmith |
| 12:13 | Investigar | Double-Bit Axe |
| 12:15 | Investigar | Horse Collar |
| 12:17 | Investigar | Gold Mining |
| 12:24 | Crear | Villager (Male) |
| 12:38 | Construir | Lumber Camp |
| 12:57 | Construir | Market |
| 13:06 | Construir | Farm |
| 13:22 | Construir | Farm |
| 13:46 | Construir | Farm |
| 14:00 | Construir | Farm |
| 14:19 | Construir | Farm |
| 14:19 | Crear | Villager (Male) |
| 14:20 | Crear | Villager (Male) |
| 14:53 | Construir | Farm |
| 14:54 | Crear | Villager (Male) |
| 14:58 | Construir | Farm |
| 14:59 | Construir | Farm |
| 15:03 | Crear | Villager (Male) |
| 15:12 | Construir | House |
| 15:13 | Construir | House |
| 15:42 | Construir | Farm |
| 16:13 | Investigar | Castle Age |
| 16:32 | Construir | Mining Camp |
| 16:38 | Investigar | Stone Mining |
| 17:44 | Investigar | Wheelbarrow |
| 18:53 | Edad | Edad de los Castillos |
| 19:00 | Construir | Town Center |
| 19:06 | Investigar | Bow Saw |
| 19:11 | Crear | Villager (Male) |
| 19:12 | Crear | Villager (Male) |
| 19:35 | Investigar | Heavy Plow |
| 19:36 | Investigar | Heavy Plow |
| 19:48 | Construir | Farm |
| 20:10 | Construir | Farm |
| 20:11 | Crear | Villager (Male) |
| 20:19 | Construir | Farm |
| 20:20 | Construir | Farm |
| 20:20 | Construir | Farm |
| 20:20 | Construir | Farm |
| 20:30 | Construir | Town Center |
| 20:32 | Crear | Villager (Male) |
| 20:32 | Crear | Villager (Male) |
| 20:37 | Construir | Farm |
| 20:37 | Construir | Farm |
| 20:49 | Construir | House |
| 20:50 | Construir | House |
| 20:51 | Construir | House |
| 21:01 | Crear | Villager (Male) |
| 21:05 | Crear | Villager (Male) |
| 21:15 | Crear | Villager (Male) |
| 21:23 | Construir | House |
| 21:25 | Construir | House |
| 21:32 | Construir | Farm |
| 21:32 | Construir | Farm |
| 21:39 | Construir | Farm |
| 21:48 | Construir | Farm |
| 21:49 | Construir | Farm |
| 21:56 | Construir | Farm |
| 22:01 | Construir | Farm |
| 22:02 | Crear | Villager (Male) |
| 22:06 | Crear | Villager (Male) |
| 22:06 | Crear | Villager (Male) |
| 22:16 | Construir | Farm |
| 22:17 | Construir | Farm |
| 22:17 | Construir | Farm |
| 23:22 | Construir | Castle |
| 23:28 | Construir | Mining Camp |
| 23:33 | Crear | Villager (Male) |
| 23:33 | Crear | Villager (Male) |
| 23:37 | Investigar | Gold Shaft Mining |
| 23:44 | Investigar | Stone Shaft Mining |
| 23:52 | Crear | Villager (Male) |
| 23:52 | Crear | Villager (Male) |
| 23:52 | Crear | Villager (Male) |
| 23:55 | Construir | Farm |
| 23:56 | Construir | Farm |
| 24:09 | Construir | Mining Camp |
| 24:12 | Crear | Villager (Male) |
| 24:15 | Crear | Villager (Male) |
| 24:39 | Construir | Stable |
| 24:54 | Construir | Siege Workshop |
| 24:56 | Construir | Siege Workshop |
| 25:04 | Crear | Villager (Male) |
| 25:07 | Crear | Villager (Male) |
| 25:07 | Crear | Villager (Male) |
| 25:21 | Construir | Farm |
| 25:21 | Construir | Farm |
| 25:25 | Crear | Villager (Male) |
| 25:25 | Crear | Villager (Male) |
| 25:25 | Crear | Villager (Male) |
| 25:29 | Construir | Farm |
| 25:29 | Construir | Farm |
| 25:36 | Crear | Villager (Male) |
| 25:40 | Crear | Villager (Male) |
| 25:44 | Crear | Villager (Male) |
| 25:52 | Crear | Unit 1949 |
| 25:58 | Investigar | Scale Barding Armor |
| 26:02 | Investigar | Imperial Age |
| 26:03 | Investigar | Imperial Age |
| 26:21 | Construir | Farm |
| 26:21 | Construir | Farm |
| 26:24 | Crear | Villager (Male) |
| 26:24 | Crear | Villager (Male) |
| 26:25 | Crear | Villager (Male) |
| 26:26 | Crear | Villager (Male) |
| 26:26 | Crear | Villager (Male) |
| 26:34 | Crear | Unit 1949 |
| 26:47 | Crear | Villager (Male) |
| 26:48 | Crear | Villager (Male) |
Build order — tacos4life198
Primeras 150 de 399 acciones detectadas
| 0:01 | Crear | Villager (Male) |
| 0:02 | Crear | Villager (Male) |
| 0:02 | Crear | Villager (Male) |
| 0:03 | Construir | House |
| 0:05 | Construir | House |
| 0:20 | Crear | Villager (Male) |
| 0:34 | Crear | Villager (Male) |
| 1:32 | Crear | Villager (Male) |
| 1:59 | Construir | Lumber Camp |
| 2:02 | Crear | Villager (Male) |
| 2:21 | Crear | Villager (Male) |
| 2:56 | Crear | Villager (Male) |
| 3:20 | Construir | House |
| 3:21 | Crear | Villager (Male) |
| 3:47 | Construir | Mill |
| 3:52 | Crear | Villager (Male) |
| 4:04 | Crear | Villager (Male) |
| 4:56 | Crear | Villager (Male) |
| 4:56 | Crear | Villager (Male) |
| 5:33 | Crear | Villager (Male) |
| 5:38 | Construir | House |
| 6:03 | Crear | Villager (Male) |
| 6:38 | Crear | Villager (Male) |
| 6:46 | Crear | Villager (Male) |
| 7:12 | Construir | House |
| 7:13 | Construir | House |
| 7:14 | Construir | House |
| 7:16 | Construir | House |
| 7:17 | Construir | House |
| 7:18 | Construir | House |
| 7:29 | Crear | Villager (Male) |
| 7:36 | Crear | Villager (Male) |
| 8:01 | Crear | Villager (Male) |
| 8:26 | Crear | Villager (Male) |
| 9:07 | Crear | Villager (Male) |
| 9:18 | Investigar | Feudal Age |
| 9:37 | Crear | Villager (Male) |
| 10:16 | Crear | Villager (Male) |
| 10:34 | Construir | House |
| 10:36 | Construir | House |
| 11:18 | Construir | Farm |
| 11:34 | Edad | Edad Feudal |
| 11:49 | Construir | Farm |
| 11:52 | Construir | Farm |
| 11:55 | Crear | Villager (Male) |
| 11:56 | Crear | Villager (Male) |
| 11:56 | Crear | Villager (Male) |
| 12:06 | Construir | Blacksmith |
| 12:34 | Construir | Mining Camp |
| 12:41 | Construir | Mining Camp |
| 12:54 | Construir | House |
| 12:55 | Construir | House |
| 13:34 | Construir | Market |
| 14:08 | Construir | Lumber Camp |
| 14:11 | Crear | Villager (Male) |
| 14:11 | Crear | Villager (Male) |
| 14:11 | Crear | Villager (Male) |
| 14:12 | Crear | Villager (Male) |
| 14:12 | Crear | Villager (Male) |
| 14:21 | Investigar | Double-Bit Axe |
| 14:37 | Investigar | Castle Age |
| 14:43 | Construir | Farm |
| 15:08 | Construir | Farm |
| 16:07 | Construir | Barracks |
| 16:21 | Crear | Villager (Male) |
| 16:25 | Investigar | Horse Collar |
| 16:51 | Crear | Villager (Male) |
| 16:51 | Crear | Villager (Male) |
| 16:51 | Crear | Villager (Male) |
| 17:22 | Edad | Edad de los Castillos |
| 17:29 | Construir | Monastery |
| 17:39 | Crear | Villager (Male) |
| 18:01 | Construir | Town Center |
| 18:28 | Construir | Town Center |
| 18:33 | Crear | Villager (Male) |
| 18:33 | Crear | Villager (Male) |
| 19:00 | Crear | Monk |
| 19:00 | Crear | Monk |
| 19:11 | Crear | Spearman |
| 19:11 | Crear | Spearman |
| 19:47 | Crear | Villager (Male) |
| 19:48 | Crear | Villager (Male) |
| 19:54 | Construir | Farm |
| 20:00 | Construir | Farm |
| 20:05 | Construir | Farm |
| 20:14 | Construir | Farm |
| 20:18 | Construir | Farm |
| 20:39 | Construir | Castle |
| 20:44 | Construir | Farm |
| 20:47 | Construir | Farm |
| 20:51 | Crear | Villager (Male) |
| 20:51 | Crear | Villager (Male) |
| 21:33 | Construir | Farm |
| 21:34 | Crear | Villager (Male) |
| 21:41 | Investigar | Bow Saw |
| 21:51 | Construir | Farm |
| 21:54 | Construir | Farm |
| 22:03 | Construir | Farm |
| 22:04 | Construir | Farm |
| 22:09 | Crear | Villager (Male) |
| 22:10 | Crear | Villager (Male) |
| 22:10 | Crear | Villager (Male) |
| 22:49 | Crear | Monk |
| 22:49 | Crear | Monk |
| 23:53 | Construir | Farm |
| 23:55 | Construir | Farm |
| 23:58 | Investigar | Heavy Plow |
| 24:02 | Crear | Villager (Male) |
| 24:02 | Crear | Villager (Male) |
| 24:02 | Crear | Villager (Male) |
| 24:06 | Investigar | Wheelbarrow |
| 24:09 | Crear | Villager (Male) |
| 24:09 | Crear | Villager (Male) |
| 24:09 | Crear | Villager (Male) |
| 24:09 | Crear | Villager (Male) |
| 24:28 | Construir | Farm |
| 24:38 | Construir | Farm |
| 24:39 | Crear | Villager (Male) |
| 24:39 | Crear | Villager (Male) |
| 24:41 | Crear | Villager (Male) |
| 24:54 | Construir | Farm |
| 25:02 | Construir | Farm |
| 25:14 | Construir | Farm |
| 25:27 | Construir | Farm |
| 25:44 | Construir | Farm |
| 25:48 | Investigar | Hand Cart |
| 25:50 | Crear | Villager (Male) |
| 25:50 | Crear | Villager (Male) |
| 25:51 | Crear | Villager (Male) |
| 25:51 | Crear | Villager (Male) |
| 25:58 | Crear | Villager (Male) |
| 25:58 | Crear | Villager (Male) |
| 26:32 | Crear | Villager (Male) |
| 26:33 | Crear | Villager (Male) |
| 26:33 | Crear | Villager (Male) |
| 26:42 | Crear | Villager (Male) |
| 26:43 | Crear | Villager (Male) |
| 26:43 | Crear | Villager (Male) |
| 26:43 | Crear | Villager (Male) |
| 27:11 | Construir | Archery Range |
| 27:12 | Construir | Archery Range |
| 27:14 | Construir | Archery Range |
| 27:15 | Construir | Archery Range |
| 27:17 | Construir | Archery Range |
| 27:35 | Construir | University |
| 27:50 | Construir | House |
| 27:52 | Construir | House |
| 27:53 | Construir | House |
| 27:54 | Construir | House |
| 27:55 | Construir | House |
Build order — Eros
Primeras 150 de 583 acciones detectadas
| 0:03 | Construir | House |
| 0:04 | Crear | Villager (Male) |
| 0:05 | Crear | Villager (Male) |
| 0:28 | Investigar | Loom |
| 0:41 | Crear | Villager (Male) |
| 0:42 | Crear | Villager (Male) |
| 0:42 | Crear | Villager (Male) |
| 0:42 | Crear | Villager (Male) |
| 1:27 | Crear | Villager (Male) |
| 2:10 | Construir | House |
| 2:19 | Crear | Villager (Male) |
| 2:52 | Construir | House |
| 2:53 | Construir | House |
| 3:07 | Crear | Villager (Male) |
| 3:07 | Crear | Villager (Male) |
| 3:08 | Crear | Villager (Male) |
| 3:18 | Construir | Lumber Camp |
| 3:32 | Crear | Villager (Male) |
| 4:17 | Construir | Lumber Camp |
| 4:23 | Crear | Villager (Male) |
| 5:19 | Crear | Villager (Male) |
| 5:19 | Crear | Villager (Male) |
| 5:19 | Crear | Villager (Male) |
| 5:20 | Crear | Villager (Male) |
| 6:54 | Crear | Villager (Male) |
| 7:11 | Construir | Mill |
| 7:14 | Crear | Villager (Male) |
| 7:15 | Crear | Villager (Male) |
| 8:19 | Crear | Villager (Male) |
| 8:24 | Crear | Villager (Male) |
| 8:53 | Construir | Mining Camp |
| 10:10 | Crear | Villager (Male) |
| 10:19 | Investigar | Feudal Age |
| 10:30 | Construir | House |
| 10:31 | Construir | House |
| 10:32 | Construir | House |
| 12:10 | Construir | Mining Camp |
| 12:24 | Crear | Villager (Male) |
| 12:24 | Crear | Villager (Male) |
| 12:29 | Edad | Edad Feudal |
| 13:33 | Crear | Villager (Male) |
| 13:34 | Crear | Villager (Male) |
| 14:07 | Construir | Farm |
| 14:09 | Construir | Farm |
| 14:11 | Construir | Farm |
| 14:12 | Construir | Farm |
| 14:14 | Construir | Farm |
| 14:16 | Construir | Farm |
| 14:27 | Construir | Market |
| 14:34 | Construir | Farm |
| 14:36 | Construir | Farm |
| 14:46 | Construir | Blacksmith |
| 15:02 | Crear | Villager (Male) |
| 15:16 | Construir | Mining Camp |
| 15:34 | Investigar | Castle Age |
| 15:47 | Crear | Villager (Male) |
| 15:48 | Crear | Villager (Male) |
| 15:59 | Investigar | Double-Bit Axe |
| 16:03 | Investigar | Horse Collar |
| 16:07 | Crear | Villager (Male) |
| 16:08 | Crear | Villager (Male) |
| 17:15 | Crear | Villager (Male) |
| 17:46 | Investigar | Stone Mining |
| 18:14 | Edad | Edad de los Castillos |
| 18:18 | Construir | Town Center |
| 18:48 | Construir | Farm |
| 18:50 | Construir | Farm |
| 18:51 | Construir | Farm |
| 18:52 | Construir | Farm |
| 19:07 | Crear | Villager (Male) |
| 19:12 | Crear | Villager (Male) |
| 19:12 | Crear | Villager (Male) |
| 19:15 | Crear | Villager (Male) |
| 19:20 | Crear | Trade Cart |
| 19:37 | Crear | Villager (Male) |
| 19:43 | Crear | Villager (Male) |
| 20:01 | Crear | Villager (Male) |
| 20:06 | Crear | Villager (Male) |
| 20:16 | Crear | Villager (Male) |
| 20:49 | Construir | Town Center |
| 20:53 | Crear | Villager (Male) |
| 21:01 | Crear | Villager (Male) |
| 21:01 | Crear | Villager (Male) |
| 21:07 | Investigar | Bow Saw |
| 21:10 | Investigar | Heavy Plow |
| 21:42 | Construir | Castle |
| 21:48 | Crear | Villager (Male) |
| 21:48 | Crear | Villager (Male) |
| 21:54 | Crear | Villager (Male) |
| 22:13 | Construir | House |
| 22:15 | Construir | House |
| 22:16 | Construir | House |
| 22:19 | Crear | Villager (Male) |
| 22:20 | Crear | Villager (Male) |
| 22:26 | Investigar | Gold Mining |
| 23:16 | Investigar | Wheelbarrow |
| 23:20 | Crear | Villager (Male) |
| 23:21 | Crear | Villager (Male) |
| 23:26 | Construir | Farm |
| 23:30 | Crear | Villager (Male) |
| 23:40 | Crear | Villager (Male) |
| 23:48 | Construir | Farm |
| 24:00 | Crear | Villager (Male) |
| 24:03 | Construir | Farm |
| 24:07 | Crear | Villager (Male) |
| 24:13 | Construir | Farm |
| 24:15 | Crear | Villager (Male) |
| 24:21 | Construir | Farm |
| 24:31 | Crear | Villager (Male) |
| 24:37 | Construir | Farm |
| 24:44 | Construir | Lumber Camp |
| 24:45 | Crear | Villager (Male) |
| 24:49 | Construir | Farm |
| 24:52 | Crear | Villager (Male) |
| 24:56 | Crear | Villager (Male) |
| 24:56 | Crear | Villager (Male) |
| 24:59 | Construir | Farm |
| 25:07 | Construir | Mining Camp |
| 25:13 | Construir | Barracks |
| 25:15 | Crear | Longbowman |
| 25:15 | Crear | Longbowman |
| 25:15 | Crear | Longbowman |
| 25:19 | Investigar | Fletching |
| 25:22 | Construir | Farm |
| 25:25 | Construir | Farm |
| 25:27 | Crear | Villager (Male) |
| 25:27 | Crear | Villager (Male) |
| 25:38 | Construir | Mining Camp |
| 25:41 | Crear | Villager (Male) |
| 25:44 | Construir | Farm |
| 25:46 | Crear | Villager (Male) |
| 25:47 | Crear | Villager (Male) |
| 26:00 | Construir | Archery Range |
| 26:08 | Crear | Longbowman |
| 26:08 | Crear | Longbowman |
| 26:16 | Investigar | Bodkin Arrow |
| 26:33 | Crear | Villager (Male) |
| 26:34 | Crear | Villager (Male) |
| 26:35 | Crear | Villager (Male) |
| 26:39 | Construir | Farm |
| 26:41 | Construir | Farm |
| 26:43 | Crear | Villager (Male) |
| 26:46 | Crear | Villager (Male) |
| 26:48 | Crear | Villager (Male) |
| 26:49 | Crear | Villager (Male) |
| 26:56 | Crear | Villager (Male) |
| 27:16 | Investigar | Padded Archer Armor |
| 27:29 | Construir | Mining Camp |
| 27:34 | Construir | Farm |
| 27:48 | Construir | Farm |
Cronología de la partida
| 7:55 | Bonkers · wall_segment Palisade Wall x5 |
| 9:41 | ゆきな · wall_segment Palisade Wall x19 |
| 10:01 | Gemini · age_up feudal |
| 10:14 | GGDA · first_building Barracks |
| 10:48 | ゆきな · wall_segment Palisade Wall x12 |
| 11:21 | Bonkers · age_up feudal |
| 11:34 | tacos4life198 · age_up feudal |
| 11:41 | ゆきな · first_building Barracks |
| 11:50 | GGDA · age_up feudal |
| 12:09 | ゆきな · age_up feudal |
| 12:29 | Eros · age_up feudal |
| 12:57 | ゆきな · wall_segment Palisade Wall x2 |
| 13:09 | ゆきな · wall_segment Palisade Wall x26 |
| 15:19 | Bonkers · age_up castle |
| 15:32 | Bonkers · first_building Monastery |
| 16:07 | tacos4life198 · first_building Barracks |
| 17:22 | tacos4life198 · age_up castle |
| 17:29 | tacos4life198 · first_building Monastery |
| 18:14 | Eros · age_up castle |
| 18:36 | ゆきな · wall_segment Palisade Wall x26 |
| 18:53 | GGDA · age_up castle |
| 19:47 | Gemini · age_up castle |
| 20:00 | Gemini · first_building Monastery |
| 20:19 | Gemini · first_building Castle |
| 20:39 | tacos4life198 · first_building Castle |
| 20:52 | ゆきな · first_building Stable |
| 21:42 | Eros · first_building Castle |
| 21:59 | ゆきな · first_building Archery Range |
| 22:49 | ゆきな · age_up castle |
| 23:22 | GGDA · first_building Castle |
| 24:25 | ゆきな · first_building Monastery |
| 24:39 | GGDA · first_building Stable |
| 24:54 | GGDA · first_building Siege Workshop |
| 25:13 | Eros · first_building Barracks |
| 26:00 | Eros · first_building Archery Range |
| 27:11 | tacos4life198 · first_building Archery Range |
| 27:46 | ゆきな · wall_segment Stone Wall x13 |
| 29:40 | GGDA · age_up imperial |
| 30:05 | Gemini · wall_segment Palisade Wall x1 |
| 30:06 | ゆきな · age_up imperial |
| 30:27 | ゆきな · wall_segment Stone Wall x1 |
| 31:00 | ゆきな · wall_segment Stone Wall x12 |
| 31:21 | tacos4life198 · age_up imperial |
| 31:25 | Bonkers · age_up imperial |
| 31:26 | Bonkers · first_building Castle |
| 32:17 | tacos4life198 · wall_segment Stone Wall x13 |
| 32:40 | GGDA · first_market_sell 100 wood |
| 33:17 | ゆきな · first_building Castle |
| 33:34 | Eros · first_market_sell 100 food |
| 33:55 | Eros · age_up imperial |
| 34:57 | Gemini · first_market_buy 100 wood |
| 36:55 | tacos4life198 · first_building Stable |
| 38:23 | tacos4life198 · first_building Siege Workshop |
| 39:53 | Gemini · age_up imperial |
| 40:38 | tacos4life198 · wall_segment Stone Wall x6 |
| 40:46 | tacos4life198 · wall_segment Stone Wall x13 |
| 40:52 | tacos4life198 · wall_segment Stone Wall x8 |
| 40:59 | tacos4life198 · wall_segment Stone Wall x12 |
| 44:58 | Gemini · first_market_sell 500 food |
| 47:46 | tacos4life198 · wall_segment Stone Wall x7 |
| 47:55 | tacos4life198 · wall_segment Stone Wall x7 |
| 48:02 | tacos4life198 · wall_segment Stone Wall x8 |
| 48:04 | ゆきな · first_building Siege Workshop |
| 48:41 | GGDA · first_market_buy 100 stone |
| 50:43 | tacos4life198 · wall_segment Stone Wall x4 |
| 54:19 | Gemini · first_building Barracks |
| 54:48 | Gemini · first_building Stable |
| 56:58 | tacos4life198 · first_market_buy 500 stone |
| 60:10 | tacos4life198 · first_market_sell 500 wood |
| 61:19 | Gemini · resign |
[ ANÁLISIS IA · 1 CRÉDITO ]
¿Qué pasó realmente en esta partida?
Wolo.gg analiza cada decisión: build order, eco, micro, errores típicos por bracket. Análisis personalizado por WhatsApp o Discord en 30 segundos.
Guía civ
Bizantinos
Guía mapa
Amazon Tunnel
Perfil
ゆきな